 Dungeon Crawl Stone Soup version 0.28-a0-850-g09de17f5b5 (webtiles) character file.

Game seed: 11215120697030431392

3054 Crownlay the Spear-Bearer (level 9, -1/78 HPs)
             Began as a Minotaur Gladiator on Nov 13, 2021.
             Slain by a meliai (13 damage)
             ... on level 8 of the Dungeon.
             The game lasted 00:15:02 (8125 turns).

Crownlay the Spear-Bearer (Minotaur Gladiator)      Turns: 8125, Time: 00:15:02

Health: -1/78      AC:  7    Str: 22    XL:     9   Next: 57%
Magic:  8/8        EV: 12    Int:  9    God:
Gold:   224        SH:  5    Dex: 12    Spells: 8/8 levels left

rFire   + . .      SeeInvis .   y - +7 demon trident "Jiagg" {flame, rF+ Int+4}
rCold   . . .      Faith    .   (no shield)
rNeg    . . .      Spirit   .   n - +2 leather armour {rPois}
rPois   +          Reflect  +   c - +0 hat
rElec   .          Harm     .   m - +0 cloak
rCorr   +          Rampage  .   (no gloves)
Will    .....                   h - +0 pair of boots
Stlth   +.........              v - amulet of reflection
HPRegen 0.23/turn               w - +4 ring of slaying
MPRegen 0.11/turn               b - ring of resist corrosion

@: studying Polearms
A: horns 2, retaliatory headbutt
a: no special abilities


You were on level 8 of the Dungeon.
You visited 2 branches of the dungeon, and saw 9 of its levels.

You collected 1156 gold pieces.
You spent 932 gold pieces at shops.

Inventory:

Hand Weapons
 y - the +7 demon trident "Jiagg" (weapon) {flame, rF+ Int+4}
   (You bought it in a shop on level 2 of the Dungeon)

   It burns those it strikes, dealing additional fire damage.
   Int:       It affects your intelligence (+4).
   rF:        It protects you from fire.
Missiles
 j - 31 poisoned darts (quivered)
 r - 7 atropa-tipped darts
 B - a throwing net
 J - 4 boomerangs
Armour
 c - a +0 hat (worn)
 h - a +0 pair of boots (worn)
 m - a +0 cloak (worn)
 n - a +2 leather armour of poison resistance (worn)
Jewellery
 b - a ring of resist corrosion (right hand)
 v - an amulet of reflection (around neck)
 w - a +4 ring of slaying (left hand)
 I - a ring of fire
Wands
 H - a wand of acid (9)
 K - a wand of iceblast (9)
Scrolls
 d - a scroll of amnesia
 i - a scroll of noise {unknown}
 k - a scroll of vulnerability
 o - a scroll of enchant weapon
 t - 2 scrolls of immolation {unknown}
 u - a scroll of holy word {unknown}
 A - 2 scrolls of identify {unknown}
 C - 2 scrolls of magic mapping {unknown}
 E - a scroll of fog {unknown}
 F - a scroll of silence {unknown}
 G - a scroll of teleportation {unknown}
Potions
 a - 2 potions of lignification {unknown}
 e - a potion of cancellation {unknown}
 f - a potion of magic {unknown}
 g - 4 potions of haste {unknown}
 l - 3 potions of heal wounds {unknown}
 p - a potion of brilliance {unknown}
 q - 2 potions of attraction {unknown}
 s - a potion of curing {unknown}
 x - 3 potions of might {unknown}
 z - a potion of invisibility {unknown}
 D - a potion of mutation {unknown}


   Skills:
 * Level 6.6 Fighting
 - Level 14.0 Polearms
 - Level 6.2 Throwing
 + Level 2.6 Armour
 - Level 3.2 Dodging


You had 8 spell levels left.
You didn't know any spells.
Your spell library contained the following spells:

 Spells                   Type           Power      Damage    Failure   Level
 Apportation              Tloc           0%         N/A       43%         1
 Freeze                   Ice            0%         1d3       43%         1
 Slow                     Hex            0%         N/A       43%         1
 Ensorcelled Hibernation  Hex/Ice        0%         N/A       56%         2
 Static Discharge         Conj/Air       0%         N/A       56%         2
 Confusing Touch          Hex            0%         N/A       80%         3
 Frozen Ramparts          Ice            0%         1d2       80%         3
 Gell's Gravitas          Tloc           0%         N/A       80%         3
 Spider Form              Tmut/Pois      0%         N/A       80%         3
 Teleport Other           Tloc           0%         N/A       80%         3
 Hailstorm                Conj/Ice       0%         3d3       99%         4
 Alistair's Intoxication  Tmut/Pois      0%         N/A       100%        5
 Lightning Bolt           Conj/Air       0%         1d11      100%        5
 Yara's Violent Unravell  Hex/Tmut       0%         3d3       100%        5
 Dispersal                Tloc           0%         N/A       100%        6
 Maxwell's Capacitive Co  Air            0%         ∞         100%        8


Dungeon Overview and Level Annotations

Branches:
Dungeon (8/15)             Temple (1/1) D:6
   Lair: D:8-11

Altars:
Ashenzari
Cheibriados
Dithmenos
Elyvilon
Fedhas
Gozag
Hepliaklqana
Kikubaaqudgha
Okawaru
Qazlal
Ru
Sif Muna
Trog
Uskayaw
Vehumet
Wu Jian
Xom
Yredelemnul
Zin

Shops:
D:2 ?(!   D:6 *   D:8 (


Innate Abilities, Weirdness & Mutations

You have a pair of horns on your head.
You reflexively headbutt those who attack you in melee.


Message History

The meliai hits you but does no damage. The meliai closely misses you.
The meliai mumbles some strange prayers to its god against you.
Something smites you!
The meliai calls upon its god to heal the meliai.
The meliai is healed somewhat.
The meliai closely misses you.
The meliai stings you but does no damage.
The meliai hits you with a +0 hand axe. The meliai stings you.
You are too injured to fight recklessly!
You are too injured to fight recklessly!
You hit the meliai. You burn the meliai. Your headbutt misses the meliai.
The meliai is moderately wounded.
The meliai mumbles some strange prayers to its god against you.
Something smites you!
* * * LOW HITPOINT WARNING * * *
Okay, then.
Okay, then.
Aiming: Corrosive Bolt
Press: ? - help, Shift-Dir - straight line, f - meliai
Aim: a meliai, wielding a +0 hand axe and wearing a +0 leather armour (57% to hit)
The bolt of acid hits the meliai!
The acid corrodes the meliai!
The meliai is severely wounded.
The bolt of acid hits the meliai!
The meliai is moderately wounded.
The bolt of acid hits the meliai!
The acid corrodes the meliai!
The meliai is severely wounded.
The meliai hits you with a +0 hand axe!
* * * LOW HITPOINT WARNING * * *
The meliai stings you but does no damage.
The meliai calls upon its god to heal the meliai.
The meliai is healed somewhat.
You block the meliai's attack. The meliai closely misses you.
Aiming: Corrosive Bolt
Press: ? - help, Shift-Dir - straight line, f/p - meliai
Aim: a meliai, wielding a +0 hand axe and wearing a +0 leather armour (severely wounded, covered in acid, 57% to hit)
The bolt of acid misses the meliai. x2; The bolt of acid hits the meliai!
The meliai seems to be corroded for longer.
You kill the meliai!
The meliai hits you with a +0 hand axe!
You die...

###.#..#.).).#..
#............... #
#.#.##...## ...#
#.##.#.###...#...#
##.......###F....#
..........)F...###
##.....#y#####
#..#.##y#
#..#.##@#
#.......######
#.##.........# #
#.####.<.###..
#>####.####...#
#.............#
##......###.#.#
#####.###..##.>..#
................##


You could see 2 meliai and a bullfrog.

Vanquished Creatures
  A meliai (D:8)
  Sigmund (D:2)
  5 yaks
  A water moccasin (D:8)
  2 orc warriors (D:7)
  A black bear (D:8)
  2 necrophages (D:4)
  2 phantoms
  A kobold brigand (D:8)
  3 scorpions
  A water moccasin zombie (D:6)
  2 wyvern zombies
  A water moccasin skeleton (D:5)
  3 killer bees (D:7)
  4 howler monkeys (D:8)
  2 centaur zombies
  3 hounds
  Crazy Yiuf (D:2)
  4 bullfrog skeletons
  An orc priest (D:7)
  A jelly (D:5)
  2 iguanas
  Terence (D:2)
  3 orc wizards
  2 killer bee zombies
  A hound skeleton (D:4)
  4 gnolls (D:4)
  4 adders
  2 white imps
  An ufetubus (D:4)
  An adder zombie (D:5)
  2 worms
  4 dart slugs
  11 orcs
  9 ball pythons
  3 bats (D:2)
  5 endoplasms
  2 giant cockroaches
  2 goblins (D:4)
  5 hobgoblins
  2 quokkas
  2 frilled lizards
  8 kobolds
  2 rats
120 creatures vanquished.

Notes
Turn   | Place    | Note
-------+----------+-------------------------------------------
     0 | D:1      | Crownlay the Minotaur Gladiator began the quest for the
                  | Orb.
     0 | D:1      | Reached XP level 1. HP: 18/18 MP: 0/0
   677 | D:2      | Reached XP level 2. HP: 25/25 MP: 1/1
   683 | D:2      | Reached skill level 4 in Polearms
   741 | D:2      | Noticed Sigmund
   755 | D:2      | Killed Sigmund
   756 | D:2      | Reached skill level 5 in Polearms
   756 | D:2      | Reached XP level 3. HP: 24/30 MP: 2/2
   756 | D:2      | Reached XP level 4. HP: 30/37 MP: 3/3
   756 | D:2      | Reached XP level 5. HP: 34/42 MP: 4/4
   856 | D:2      | Found Ashyhuez's Distillery.
   904 | D:2      | Bought a potion of degeneration for 12 gold pieces
   937 | D:2      | Found Fauffuen's Magic Scroll Shop.
  1034 | D:2      | Found Orrecesoc's Antique Weapon Shop.
  1110 | D:2      | Noticed Terence
  1115 | D:2      | Killed Terence
  1116 | D:2      | Reached skill level 5 in Throwing
  1483 | D:2      | Found a runed translucent door.
  1484 | D:2      | Noticed Crazy Yiuf
  1492 | D:2      | Killed Crazy Yiuf
  1493 | D:2      | Reached XP level 6. HP: 50/50 MP: 5/5
  1836 | D:3      | Found a faded altar of an unknown god.
  2914 | D:4      | Noticed a yak
  2914 | D:4      | Noticed a yak
  2914 | D:4      | Noticed a yak
  2916 | D:4      | Noticed a yak
  2918 | D:4      | Noticed a yak
  3035 | D:3      | Killed a yak
  3036 | D:3      | Reached skill level 6 in Polearms
  3467 | D:4      | Reached XP level 7. HP: 57/57 MP: 6/6
  3630 | D:4      | Killed a yak
  3700 | D:4      | Killed a yak
  3701 | D:4      | Reached skill level 5 in Fighting
  3701 | D:4      | Reached skill level 7 in Polearms
  3727 | D:4      | Killed a yak
  3728 | D:4      | Reached skill level 8 in Polearms
  4030 | D:4      | Killed a yak
  4031 | D:4      | Reached XP level 8. HP: 28/68 MP: 7/7
  4343 | D:4      | Reached skill level 9 in Polearms
  4576 | D:4      | Reached skill level 10 in Polearms
  5042 | D:5      | Entered Level 5 of the Dungeon
  5282 | D:5      | Reached skill level 11 in Polearms
  6153 | D:6      | Found Mob Joso's CLEARANCE SALE!.
  6159 | D:6      | Reached XP level 9. HP: 74/74 MP: 8/8
  6170 | D:6      | Found a staircase to the Ecumenical Temple.
  6186 | Temple   | Entered the Ecumenical Temple
  6675 | D:6      | Identified a scroll of acquirement
  6675 | D:6      | Acquired 808 gold pieces
  6784 | D:2      | Bought a polished demon trident for 400 gold pieces
  6784 | D:2      | Identified the +7 demon trident "Jiagg" {flame, rF+ Int+4}
                  | (You bought it in a shop on level 2 of the Dungeon)
  6821 | D:2      | Bought a scroll of acquirement for 520 gold pieces
  6821 | D:2      | Acquired a manual of Polearms
  7043 | D:7      | Reached skill level 12 in Polearms
  7192 | D:7      | Reached skill level 13 in Polearms
  7915 | D:8      | Reached skill level 14 in Polearms
  7928 | D:8      | Found Otyqism's Antique Weapon Emporium.
  7951 | D:8      | Reached skill level 1 in Armour
  8112 | D:8      | Found an iron altar of Okawaru.
  8112 | D:8      | Noticed a meliai
  8113 | D:8      | Noticed a meliai
  8114 | D:8      | Noticed a meliai
  8125 | D:8      | Killed a meliai
  8125 | D:8      | Slain by a meliai

Illustrated notes

Levels and vault maps discovered:
D:1:      minmay_arrival_cross, layout_basic
D:2:      layout_basic, serial_shops, nicolae_shop_statue_plus, shop,
          nicolae_shop_stone, uniq_crazy_yiuf_cottage, uniq_sigmund,
          uniq_terence
D:3:      layout_basic, shapermc_ecumenical_altar_venn
D:4:      minmay_chambers_of_threes, layout_basic, chequers_avenue
D:5:      layout_loops_corners
D:6:      layout_basic, minmay_temple_entry_glass, nicolae_shop_clearance
D:7:      layout_basic, minmay_misc_feat_four_crosses
D:8:      layout_loops_ring, okawaru_ov_weapons_minmay, serial_shops,
          nicolae_lakefront_shop, nicolae_shop_stone,
          kennysheep_opposing_triangles
Temple:   dpeg_five_rooms_temple

Skill      XL: |  1  2  3  4  5  6  7  8  9 |
---------------+----------------------------+-----
Polearms       | 5 6 8 11 14 | 14.0
Throwing       | 4 5 6 |  6.2
Fighting       | 3 5 6 |  6.6
Armour         | 2 |  2.6
Dodging        | |  3.2

Action                   |  1- 3 |  4- 6 |  7- 9 || total
-------------------------+-------+-------+-------++-------
Melee: Trident           |    26 |    60 |   189 ||   275
       Headbutt          |     3 |    13 |    35 ||    51
       Demon trident     |       |       |    68 ||    68
Throw: Dart              |     6 |    22 |    41 ||    69
       Throwing net      |       |     4 |     2 ||     6
Evoke: Wand              |       |       |     2 ||     2
  Use: Scroll            |       |       |     5 ||     5
 Stab: Held in net/web   |       |       |     3 ||     3
       Invisible         |       |       |     1 ||     1
Armor: Leather armour    |     4 |     6 |    44 ||    54
Dodge: Dodged            |    10 |    20 |    84 ||   114
Block: Other             |       |       |     8 ||     8

Table legend: (Time is in decaauts)
 A = Elapsed time spent in this place.
 B = Non-inter-level travel time spent in this place.
 C = Inter-level travel time spent in this place.
 D = Time resting spent in this place.
 E = Time spent auto-exploring this place.
 F = Levels seen in this place.
 G = Mean time per level.
                   A        B        C        D        E       F      G
               +--------+--------+--------+--------+--------+-----+--------+
         Total |   8053 |   7457 |    596 |      0 |   6454 |   9 |  894.8 |
       Dungeon |   7764 |   7199 |    565 |      0 |   6206 |   8 |  970.5 |
        Temple |    289 |    258 |     31 |      0 |    248 |   1 |  289.0 |
               +--------+--------+--------+--------+--------+-----+--------+

Top non-repeatable levels by time:
     D:3: 2075 daAuts
     D:4: 1481 daAuts
     D:5: 1001 daAuts
     D:7: 987 daAuts
     D:2: 956 daAuts
     D:1: 654 daAuts
     D:6: 409 daAuts
  Temple: 289 daAuts
     D:8: 198 daAuts
